AoeStats
← zkm

Arabia

506150193Analyzed
1v1 RM · 19d ago on Sep 12, 2026· 21m 13s· 2 players
Game mode
Random Map
Map size
Tiny (2 player)
Population
200
Speed
Normal
Resources
Standard
Victory
Conquest
Starting age
Dark Age
Ending age
Imperial Age
RankedLock teamsTeams togetherTeam positionsShared explorationLock speedFull tech treeHidden civsTurbo modeCheats
Victory
Defeat
🇩🇪 Cumans · Germany
455
+14
🇷🇺 Vikings · Russia
412
-14
zkm
11:44 Feudal Age
11:40 Loom
12:12 Double-Bit Axe
12:11 Horse Collar
14:27 Stone Mining
21:56 Castle Age
SCHLAWInER
7:30 Loom
10:40 Feudal Age
12:25 Wheelbarrow
11:59 Double-Bit Axe
15:23 Gold Mining
17:44 Horse Collar
Connection lost

Rejoining the realm…

Still unreachable

The connection could not be restored.

Session expired

The server has moved on; the page needs a fresh start.